AoeStats
← Ryanツ

Yucatan

503113238Analyzed
2v2 RM · 11d ago on Aug 30, 2026· 45m 43s· 4 players
Game mode
Random Map
Map size
Medium (4 player)
Population
200
Speed
Normal
Resources
Standard
Victory
Conquest
Starting age
Dark Age
Ending age
Imperial Age
RankedLock teamsTeams togetherTeam positionsShared explorationLock speedFull tech treeHidden civsTurbo modeCheats
Victory
Defeat
🇭🇺 Bohemians · Hungary
949
+14
🇲🇬 Mongols · Madagascar
892
+16
🇳🇱 Mongols · Netherlands
900
-15
🇬🇧 Aztecs · United Kingdom
900
-15
Ryanツ
10:44 Feudal Age
12:29 Wheelbarrow
12:49 Bloodlines
12:38 Double-Bit Axe
15:49 Forging
17:10 Scale Barding Armor
21:47 Castle Age
20:14 Horse Collar
23:54 Heavy Plow
29:29 Hand Cart
29:41 Bow Saw
35:47 Fletching
pigeon
12:52 Feudal Age
14:04 Double-Bit Axe
14:10 Horse Collar
15:30 Wheelbarrow
15:44 Gold Mining
21:15 Castle Age
20:19 Stone Mining
22:49 Pikeman
25:45 Hand Cart
25:43 Bow Saw
26:12 Gold Shaft Mining
26:56 Scale Mail Armor
27:07 Forging
28:42 Heavy Plow
41:41 Imperial Age
43:09 Chain Mail Armor
kriszt981
11:30 Feudal Age
16:31 Castle Age
14:56 Double-Bit Axe
14:59 Horse Collar
17:11 Wheelbarrow
18:05 Bow Saw
19:35 Elite Skirmisher
26:55 Heavy Plow
30:11 Imperial Age
29:22 Chemistry
28:22 Loom
29:19 Hand Cart
29:48 Scale Mail Armor
29:45 Pikeman
32:01 Chain Mail Armor
31:56 Forging
33:44 Squires
33:29 Arson
34:18 Plate Mail Armor
33:59 Forging
38:09 Iron Casting
37:35 Padded Archer Armor
37:25 Fletching
42:55 Two-Man Saw
43:27 Wagenburg Tactics
43:46 Ballistics
44:31 Blast Furnace
43:27 Bodkin Arrow
43:47 Leather Archer Armor
The Punisher
7:11 Loom
13:16 Feudal Age
14:51 Wheelbarrow
13:59 Horse Collar
14:07 Double-Bit Axe
14:14 Gold Mining
14:16 Stone Mining
31:25 Castle Age
30:05 Forging
29:47 Fletching
30:11 Scale Barding Armor
31:42 Padded Archer Armor
32:27 Hand Cart
31:46 Pikeman
32:26 Squires
36:03 Fortified Wall
36:53 Gold Shaft Mining
37:26 Husbandry
42:30 Iron Casting
46:05 Chain Barding Armor
46:18 Masonry
Connection lost

Rejoining the realm…

Still unreachable

The connection could not be restored.

Session expired

The server has moved on; the page needs a fresh start.